 Dungeon Crawl Stone Soup version 0.22-a0-271-gc000056 (webtiles) character file.

70 Ghella the Vandal (level 4, 0/29 HPs)
             Began as a Halfling Hunter on Mar 11, 2018.
             Succumbed to an adder's poison
             ... on level 2 of the Dungeon.
             The game lasted 00:02:24 (1066 turns).

Ghella the Vandal (Halfling Hunter)                 Turns: 1066, Time: 00:02:25

Health: 0/29       AC:  3    Str: 13    XL:     4   Next: 44%
Magic:  4/4        EV: 14    Int:  9    God:
Gold:   78         SH:  0    Dex: 15    Spells: 3/3 levels left

rFire    . . .     SeeInvis .   a - +1 hunting sling
rCold    . . .     Gourm    .   (shield restricted)
rNeg     . . .     Faith    .   c - +0 leather armour
rPois    .         Spirit   .   (no helmet)
rElec    .         Reflect  .   (no cloak)
rCorr    .         Harm     .   (no gloves)
MR       .....                  (no boots)
Stlth    ++........             (no amulet)
HPRegen  0.09/turn              (no ring)
MPRegen  0.09/turn              (no ring)

@: lethally poisoned (0 -> -4), very slightly contaminated, invisible
A: small, mutation resistance 1
a: no special abilities


You were on level 2 of the Dungeon.
You were not hungry.

You visited 1 branch of the dungeon, and saw 2 of its levels.

You collected 78 gold pieces.

Inventory:

Hand Weapons
 a - a +1 hunting sling (weapon)
 b - a +0 short sword
Armour
 c - a +0 leather armour (worn)
Scrolls
 h - a scroll of teleportation {unknown}
 i - a scroll of remove curse {unknown}
Comestibles
 f - 3 rations


   Skills:
 + Level 2.1 Fighting
 * Level 7.8 Slings
 + Level 2.3 Dodging
 + Level 1.1 Stealth


You had 3 spell levels left.
You didn't know any spells.

Dungeon Overview and Level Annotations

Branches:
Dungeon (2/15)

Altars:
Qazlal
Xom


Innate Abilities, Weirdness & Mutations

You are small and have problems with some larger weapons.
You are somewhat resistant to further mutation.


Message History

Press: ? - help, Shift-Dir - straight line, f/p - adder
Aim: an adder You shoot a stone.
The stone hits the adder.
The adder is moderately wounded.
The adder misses you.
The jackal bites you but does no damage.
Firing (i - inventory) No suitable missiles.
Press: ? - help, Shift-Dir - straight line, f/p - adder
Aim: an adder (moderately wounded)
Okay, then.
Firing (i - inventory) No suitable missiles.
Press: ? - help, Shift-Dir - straight line, f/p - adder
Aim: an adder (moderately wounded)
Okay, then.
* * * LOW HITPOINT WARNING * * *
You feel sick. The adder misses you.
Found a pair of embroidered gloves.
You aren't carrying any potions.
Unknown command.
You die...

...####.#.....#..#
##....#.###.#.#..#
.....[...lS.#(.#
###...###.###(## ..##.##
##..(.# ..##.# ####.##
..##.. #h.S##
.#######....#.#.#######.
.# #.#......@....... .#
..!.#.#[########
##........ .......####
##.#.... #...### ##. #


You could see an adder.

Vanquished Creatures
  Natasha (D:2)
  A dart slug (D:1)
  2 leopard geckos
  A giant cockroach (D:1)
  4 goblins
  5 hobgoblins
  8 jackals
  3 kobolds
  3 bats (D:1)
  A frilled lizard (D:1)
  7 rats (D:1)
36 creatures vanquished.

Notes
Turn   | Place    | Note
-------+----------+-------------------------------------------
     0 | D:1      | Ghella the Halfling Hunter began the quest for the Orb.
     0 | D:1      | Reached XP level 1. HP: 14/14 MP: 1/1
    51 | D:1      | Reached skill level 6 in Slings
   118 | D:1      | Reached XP level 2. HP: 19/19 MP: 2/2
   344 | D:1      | Reached XP level 3. HP: 24/24 MP: 3/3
   708 | D:1      | Reached skill level 7 in Slings
   868 | D:1      | Found an ancient bone altar of Kikubaaqudgha.
   870 | D:1      | Found a shimmering altar of Xom.
   870 | D:1      | Found a stormy altar of Qazlal.
   876 | D:1      | Found a shimmering altar of Xom.
   876 | D:1      | Found an opulent altar of Gozag.
   876 | D:1      | Found a glowing golden altar of the Shining One.
   981 | D:2      | Noticed Natasha
   986 | D:2      | Killed Natasha
   986 | D:2      | Reached XP level 4. HP: 26/29 MP: 4/4
  1063 | D:2      | HP: 1/29 [poisoned by an adder]
  1066 | D:2      | Succumbed to an adder's poison

Vault maps used:
D:1:      tarquinn_simple_flora_water_d, doesnt_xom_only_xom
D:2:      uniq_natasha

Skill      XL: |  1  2  3 |
---------------+----------+-----
Slings         | 6 7 |  7.8
Fighting       | 2 |  2.1
Dodging        | |  2.3
Stealth        | |  1.1

Action                   |  1- 3 |  4- 6 || total
-------------------------+-------+-------++-------
 Fire: Hunting sling     |    77 |    19 ||    96
  Use: Potion            |       |     1 ||     1
Armor: Leather armour    |       |     8 ||     8
Dodge: Dodged            |    15 |    27 ||    42

Table legend:
 A = Spawn XP
 B = Non-spawn XP
 C = Spawn XP percentage of total XP
 D = Spawn monster count
 E = Non-spawn monster count
 F = Spawn count percentage of total count
 G = Total turns spent on level
                    A         B        C        D         E        F      G
               +---------+---------+-------+---------+---------+-------+---------
         Total |       0 |     100 |   0.0 |       0 |      36 |   0.0 |  1066
               +---------+---------+-------+---------+---------+-------+---------
           D:1 |       0 |      48 |   0.0 |       0 |      27 |   0.0 |   957
           D:2 |       0 |      52 |   0.0 |       0 |       9 |   0.0 |   109
               +---------+---------+-------+---------+---------+-------+---------
